MLB
NEW YORK METS @ PHILADELPHIA PHILLIES
07/25/2045
 
TOP OF THE 1ST
New York Mets batting - Pitching for Philadelphia Phillies : RHP Matt Evans
Pitching: RHP Matt Evans
Batting: SHB Nelle van den Berg 0-0: Hit by Pitch
Batting: LHB Kevin Bellman 0-0: Ball
1-0: Called Strike
1-1: Called Strike
1-2: Strikes out looking
Batting: SHB Sean Cook 0-0: Fly out, F8 (Flyball, 78D, EV 100.6 MPH)
Batting: SHB Harry Hoop 0-0: Fielders Choice at 2nd, 6-4 (Groundball, 6, EV 83.8 MPH)
Top of the 1st over - 0 runs, 0 hits, 0 errors, 1 left on base; New York 0 - Philadelphia 0
BOTTOM OF THE 1ST
Philadelphia Phillies batting - Pitching for New York Mets : RHP Chris Painter
Pitching: RHP Chris Painter
Batting: LHB Nick Canizales 0-0: Foul Ball, location: 2F
0-1: SINGLE (Groundball, 34D, EV 98.1 MPH)
Batting: LHB Alberto Figueroa 0-0: Ball
1-0: Fly out, F8 (Flyball, 8RM, EV 95.0 MPH)
Batting: RHB Josh Froyd 0-0: Called Strike
0-1: Ball
1-1: Foul Ball, location: 2F
1-2: Foul Ball, location: 2F
1-2: Grounds into double play, 4-6-3 (Groundball, 4, EV 98.8 MPH)
Bottom of the 1st over - 0 runs, 1 hit, 0 errors, 0 left on base; New York 0 - Philadelphia 0
TOP OF THE 2ND
New York Mets batting - Pitching for Philadelphia Phillies : RHP Matt Evans
Batting: SHB Jonathan Jenkins 0-0: Ball
1-0: Ground out 3-1 (Groundball, 34S, EV 76.9 MPH)
Batting: RHB Jeff Jank 0-0: Ball
1-0: Called Strike
1-1: Swinging Strike
1-2: SINGLE (Line Drive, 3L, EV 95.6 MPH)
Batting: SHB Gus Berry 0-0: Called Strike
0-1: Ball
1-1: Swinging Strike
1-2: TRIPLE (Flyball, 89XD, EV 104.4 MPH)
Jeff Jank scores
Batting: SHB Javy Rosa 0-0: Ground out 6-3 (Groundball, 6, EV 85.6 MPH)
Gus Berry scores
Batting: RHB Jesus Chavez 0-0: Swinging Strike
0-1: Foul Ball, location: 2F
0-2: Foul Ball, location: 2F
0-2: Ground out 6-3 (Groundball, 4MS, EV 88.8 MPH)
Top of the 2nd over - 2 runs, 2 hits, 0 errors, 0 left on base; New York 2 - Philadelphia 0
BOTTOM OF THE 2ND
Philadelphia Phillies batting - Pitching for New York Mets : RHP Chris Painter
Batting: LHB Eric Katz 0-0: Called Strike
0-1: Called Strike
0-2: Ball
1-2: Ground out 4-3 (Groundball, 4, EV 86.9 MPH)
Batting: RHB Quintin Parker 0-0: Ball
1-0: Called Strike
1-1: DOUBLE (Groundball, 5L, EV 99.4 MPH)
Batting: LHB Ryan Trombley 0-0: Called Strike
0-1: Ball
1-1: Ball
2-1: Foul Ball, location: 2F
2-2: Ground out 3-1 (Groundball, 34, EV 95.0 MPH)
Quintin Parker to third
Batting: RHB Raul de la Cruz 0-0: Foul Ball, location: 2F
0-1: Ball
1-1: Ball
2-1: Ball
3-1: Swinging Strike
3-2: Fly out, F8 (Flyball, 8LS, EV 83.1 MPH)
Bottom of the 2nd over - 0 runs, 1 hit, 0 errors, 1 left on base; New York 2 - Philadelphia 0
TOP OF THE 3RD
New York Mets batting - Pitching for Philadelphia Phillies : RHP Matt Evans
Batting: SHB Nelle van den Berg 0-0: Foul Ball, location: 2F
0-1: Called Strike
0-2: Ball
1-2: Ball
2-2: Ball
3-2: SINGLE (Groundball, 56S, EV 68.1 MPH) (infield hit)
Batting: LHB Kevin Bellman 0-0: Ball
1-0: Foul Ball, location: 2F
1-1: Ball
2-1: Foul Ball, location: 2F
2-2: Foul Ball, location: 2F
2-2: Fielders Choice at 2nd, 3-6 (Groundball, 3, EV 85.6 MPH)
Batting: SHB Sean Cook 0-0: Ball
Passed Ball!
Kevin Bellman to second
1-0: Ball
2-0: Ball
3-0: Foul Ball, location: 2F
3-1: Foul Ball, location: 2F
3-2: Fly out, F7 (Flyball, 7, EV 90.6 MPH)
Runner from 2nd tags up, OUT at 3rd! 7-5
Top of the 3rd over - 0 runs, 1 hit, 0 errors, 0 left on base; New York 2 - Philadelphia 0
BOTTOM OF THE 3RD
Philadelphia Phillies batting - Pitching for New York Mets : RHP Chris Painter
Batting: RHB Chef Belew 0-0: SINGLE (Line Drive, 89M, EV 111.2 MPH)
Batting: RHB Melchor Sovrivilla 0-0: Called Strike
0-1: DOUBLE (Groundball, 5L, EV 101.2 MPH)
Chef Belew to third
Batting: LHB Nick Canizales 0-0: Called Strike
0-1: Ball
1-1: Called Strike
1-2: Strikes out swinging
Batting: LHB Alberto Figueroa 0-0: Ball
1-0: Ground out 6-3 (Groundball, 56, EV 86.2 MPH)
Chef Belew scores
Batting: RHB Josh Froyd 0-0: Ball
1-0: Ball
2-0: Called Strike
2-1: Ground out 5-3 (Groundball, 56S, EV 71.9 MPH)
Bottom of the 3rd over - 1 run, 2 hits, 0 errors, 1 left on base; New York 2 - Philadelphia 1
TOP OF THE 4TH
New York Mets batting - Pitching for Philadelphia Phillies : RHP Matt Evans
Batting: SHB Harry Hoop 0-0: Ball
1-0: Foul Ball, location: 2F
1-1: Foul Ball, location: 2F
1-2: Ball
2-2: Foul Ball, location: 2F
2-2: Foul Ball, location: 2F
2-2: Strikes out swinging
Batting: SHB Jonathan Jenkins 0-0: Ball
1-0: Called Strike
1-1: Fly out, F8 (Flyball, 8RM, EV 76.2 MPH)
Batting: RHB Jeff Jank 0-0: Foul Ball, location: 2F
0-1: Ball
1-1: Fly out, F8 (Flyball, 8LXD, EV 91.2 MPH)
Top of the 4th over - 0 runs, 0 hits, 0 errors, 0 left on base; New York 2 - Philadelphia 1
BOTTOM OF THE 4TH
Philadelphia Phillies batting - Pitching for New York Mets : RHP Chris Painter
Batting: LHB Eric Katz 0-0: Ball
1-0: Ball
2-0: Called Strike
2-1: Ball
3-1: Ground out 5-3 (Groundball, 25, EV 83.8 MPH)
Batting: RHB Quintin Parker 0-0: Swinging Strike
0-1: Ball
1-1: Fly out, F7 (Flyball, 78M, EV 83.8 MPH)
Batting: LHB Ryan Trombley 0-0: SINGLE (Groundball, 56D, EV 100.6 MPH) (infield hit)
Batting: RHB Raul de la Cruz 0-0: Called Strike
0-1: Foul Ball, location: 2F
0-2: Ball
1-2: Foul Ball, location: 2F
1-2: Ball
2-2: Foul Ball, location: 2F
2-2: SINGLE (Groundball, 5S, EV 66.2 MPH) (infield hit)
Ryan Trombley to second
Batting: RHB Chef Belew 0-0: Called Strike
0-1: Ball
1-1: Ground out 6-3 (Groundball, 6M, EV 90.0 MPH)
Bottom of the 4th over - 0 runs, 2 hits, 0 errors, 2 left on base; New York 2 - Philadelphia 1
TOP OF THE 5TH
New York Mets batting - Pitching for Philadelphia Phillies : RHP Matt Evans
Batting: SHB Gus Berry 0-0: Foul Ball, location: 2F
0-1: Ball
1-1: Swinging Strike
1-2: Ball
2-2: Ball
3-2: Fly out, F8 (Flyball, 8LXD, EV 97.5 MPH)
Batting: SHB Javy Rosa 0-0: Ball
1-0: Called Strike
1-1: Ground out 3-1 (Groundball, 34, EV 105.0 MPH)
Batting: RHB Jesus Chavez 0-0: Ball
1-0: Swinging Strike
1-1: Foul Ball, location: 2F
1-2: Fly out, F4 (Popup, 4, EV 70.0 MPH)
Top of the 5th over - 0 runs, 0 hits, 0 errors, 0 left on base; New York 2 - Philadelphia 1
BOTTOM OF THE 5TH
Philadelphia Phillies batting - Pitching for New York Mets : RHP Chris Painter
Batting: RHB Melchor Sovrivilla 0-0: Ball
1-0: Ball
2-0: Fly out, F9 (Flyball, 9LM, EV 91.9 MPH)
Batting: LHB Nick Canizales 0-0: Ball
1-0: Foul Ball, location: 2F
1-1: Ball
2-1: Ball
3-1: Ground out 4-3 (Groundball, 4, EV 103.8 MPH)
Batting: LHB Alberto Figueroa 0-0: Ball
1-0: Swinging Strike
1-1: SINGLE (Line Drive, 78S, EV 93.1 MPH)
Batting: RHB Josh Froyd 0-0: Ball
Alberto Figueroa steals 2nd base
1-0: Ball
2-0: Foul Ball, location: 2F
2-1: Foul Ball, location: 2F
2-2: Ball
3-2: Ground out 6-3 (Groundball, 56, EV 106.2 MPH)
Bottom of the 5th over - 0 runs, 1 hit, 0 errors, 1 left on base; New York 2 - Philadelphia 1
TOP OF THE 6TH
New York Mets batting - Pitching for Philadelphia Phillies : RHP Matt Evans
Batting: SHB Nelle van den Berg 0-0: Called Strike
0-1: Fly out, F8 (Flyball, 78M, EV 81.2 MPH)
Batting: LHB Kevin Bellman 0-0: Ball
1-0: Ball
2-0: Called Strike
2-1: Swinging Strike
2-2: Ball
3-2: Base on Balls
Batting: SHB Sean Cook 0-0: Ball
1-0: Foul Ball, location: 2F
1-1: Ball
2-1: Ground out U3 (Groundball, 3S, EV 67.5 MPH)
Kevin Bellman to second
Batting: SHB Harry Hoop 0-0: Ball
1-0: Ball
2-0: Hit by Pitch
Batting: SHB Jonathan Jenkins 0-0: Called Strike
0-1: Ball
1-1: Called Strike
1-2: Ball
2-2: Foul Ball, location: 2F
2-2: Foul Ball, location: 2F
2-2: SINGLE (Line Drive, 78M, EV 96.9 MPH)
Kevin Bellman to third
Harry Hoop to second
Runner from 3rd tries for Home, SAFE, throw by LF to home
Batting: RHB Jeff Jank 0-0: Called Strike
0-1: Ball
1-1: SINGLE (Flyball, 6D, EV 87.5 MPH)
Harry Hoop to third
Jonathan Jenkins to second
Runner from 3rd tries for Home, SAFE, throw by CF to home
Batting: SHB Gus Berry 0-0: Fly out, F9 (Flyball, 9S, EV 80.0 MPH)
Top of the 6th over - 2 runs, 2 hits, 0 errors, 2 left on base; New York 4 - Philadelphia 1
BOTTOM OF THE 6TH
Philadelphia Phillies batting - Pitching for New York Mets : RHP Chris Painter
Batting: LHB Eric Katz 0-0: Ball
1-0: SINGLE (Groundball, 56D, EV 101.2 MPH)
Batting: RHB Quintin Parker 0-0: Swinging Strike
0-1: Ball
1-1: Ball
2-1: Ball
3-1: Base on Balls
Eric Katz to second
Batting: LHB Ryan Trombley 0-0: Called Strike
0-1: SINGLE (Line Drive, 34D, EV 106.9 MPH)
Eric Katz to third
Quintin Parker to second
Runner from 3rd tries for Home, SAFE, throw by RF to home
Batting: RHB Raul de la Cruz 0-0: Swinging Strike
0-1: Fly out, F4 (Line Drive, 4, EV 68.1 MPH)
Lined into DP, 4-6 (Line Drive, 4, EV 68.1 MPH)
Batting: RHB Chef Belew 0-0: SINGLE (Line Drive, 8RS, EV 105.0 MPH)
Ryan Trombley to second
Ryan Trombley to third
Batting: RHB Melchor Sovrivilla 0-0: Ball
1-0: Fly out, F6 (Popup, 6, EV 70.6 MPH)
Bottom of the 6th over - 1 run, 3 hits, 0 errors, 2 left on base; New York 4 - Philadelphia 2
TOP OF THE 7TH
New York Mets batting - Pitching for Philadelphia Phillies : RHP Matt Evans
Batting: SHB Javy Rosa 0-0: Ball
1-0: DOUBLE (Line Drive, 9LM, EV 96.9 MPH)
Batting: RHB Jesus Chavez 0-0: Ball
1-0: Ball
2-0: Foul Ball, location: 2F
2-1: Swinging Strike
2-2: Hit by Pitch
Batting: SHB Nelle van den Berg 0-0: Swinging Strike
0-1: Ball
1-1: Ball
2-1: Called Strike
2-2: Ball
3-2: Strikes out swinging
Pitching: LHP Lennart Hjelm
Batting: LHB Kevin Bellman 0-0: Swinging Strike
0-1: Ball
1-1: Ball
2-1: Fielders Choice at 2nd, 3-6 (Groundball, 34, EV 85.0 MPH)
Javy Rosa to third
Batting: SHB Sean Cook 0-0: Called Strike
0-1: SINGLE (Groundball, P, EV 80.6 MPH) (infield hit)
Javy Rosa scores
Kevin Bellman to second
Batting: SHB Harry Hoop 0-0: Ball
1-0: Ball
2-0: Foul Ball, location: 2F
2-1: Fly out, F8 (Flyball, 8RD, EV 99.4 MPH)
Top of the 7th over - 1 run, 2 hits, 0 errors, 2 left on base; New York 5 - Philadelphia 2
BOTTOM OF THE 7TH
Philadelphia Phillies batting - Pitching for New York Mets : RHP Chris Painter
Batting: LHB Nick Canizales 0-0: Ball
1-0: Swinging Strike
1-1: Foul Ball, location: 2F
1-2: Ground out 3-1 (Groundball, 34, EV 78.8 MPH)
Batting: LHB Alberto Figueroa 0-0: Ground out 4-3 (Groundball, 4, EV 88.8 MPH)
Batting: RHB Josh Froyd 0-0: Called Strike
0-1: Fly out, F9 (Flyball, 9LM, EV 109.4 MPH)
Bottom of the 7th over - 0 runs, 0 hits, 0 errors, 0 left on base; New York 5 - Philadelphia 2
TOP OF THE 8TH
New York Mets batting - Pitching for Philadelphia Phillies : LHP Lennart Hjelm
Batting: SHB Jonathan Jenkins 0-0: Called Strike
0-1: Called Strike
0-2: Foul Ball, location: 2F
0-2: Ball
1-2: Ball
2-2: Reached on error, E5 (Groundball, 56, EV 86.2 MPH)
Batting: RHB Jeff Jank 0-0: Ball
1-0: Sac Bunt to 15S - play at first, batter OUT! 1-4
Jonathan Jenkins to second
Batting: SHB Gus Berry 0-0: Ball
1-0: Called Strike
1-1: Called Strike
1-2: Strikes out swinging
Batting: SHB Javy Rosa 0-0: Foul Ball, location: 2F
0-1: Ground out 5-3 (Groundball, 56, EV 78.8 MPH)
Top of the 8th over - 0 runs, 0 hits, 1 error, 1 left on base; New York 5 - Philadelphia 2
BOTTOM OF THE 8TH
Philadelphia Phillies batting - Pitching for New York Mets : RHP Chris Painter
Pitching: RHP Ben Dicks
Batting: LHB Eric Katz 0-0: Foul Ball, location: 2F
0-1: Swinging Strike
0-2: Ball
1-2: Ball
2-2: Foul Ball, location: 2F
2-2: Ball
3-2: Foul Ball, location: 2F
3-2: Base on Balls
Batting: RHB Quintin Parker 0-0: Called Strike
0-1: Called Strike
0-2: Ball
1-2: Ball
2-2: Strikes out swinging
Batting: LHB Ryan Trombley 0-0: Called Strike
0-1: Ball
1-1: Ball
2-1: Foul Ball, location: 2F
2-2: DOUBLE (Line Drive, 78M, EV 103.1 MPH)
Eric Katz to third
Batting: LHB Jeff Luvisi 0-0: Called Strike
0-1: Swinging Strike
0-2: Ball
1-2: SINGLE (Groundball, 5D, EV 110.0 MPH)
Eric Katz scores
Ryan Trombley to third
Runner from 3rd tries for Home, SAFE, throw by LF to home
Batting: RHB Chef Belew 0-0: Bunt missed!
0-1: Sac Bunt to 23 - play at first, batter OUT! 3-4
Jeff Luvisi to second
Batting: RHB Melchor Sovrivilla 0-0: Ball
1-0: Ground out 5-3 (Groundball, 5, EV 89.4 MPH)
Bottom of the 8th over - 2 runs, 2 hits, 0 errors, 1 left on base; New York 5 - Philadelphia 4
TOP OF THE 9TH
New York Mets batting - Pitching for Philadelphia Phillies : LHP Lennart Hjelm
Pitching: RHP Victor Barron
Batting: RHB Jesus Chavez 0-0: Called Strike
0-1: Swinging Strike
0-2: Ball
1-2: Ground out 6-3 (Groundball, 6M, EV 81.2 MPH)
Batting: SHB Nelle van den Berg 0-0: Ground out 4-3 (Groundball, 4, EV 86.2 MPH)
Batting: LHB Kevin Bellman 0-0: Called Strike
0-1: Ball
1-1: Ground out U3 (Groundball, 34S, EV 80.6 MPH)
Top of the 9th over - 0 runs, 0 hits, 0 errors, 0 left on base; New York 5 - Philadelphia 4
BOTTOM OF THE 9TH
Philadelphia Phillies batting - Pitching for New York Mets : RHP Ben Dicks
Pitching: LHP Xu-gang Zhou
Batting: LHB Nick Canizales 0-0: Ball
1-0: Ball
2-0: Foul Ball, location: 2F
2-1: Swinging Strike
2-2: Ball
3-2: Strikes out swinging
Pinch Hitting: RHB Matt Sanders 0-0: Called Strike
0-1: Foul Ball, location: 2F
0-2: Strikes out swinging
Batting: RHB Josh Froyd 0-0: Called Strike
0-1: Ball
1-1: Ground out 6-3 (Groundball, 56S, EV 66.2 MPH)
Bottom of the 9th over - 0 runs, 0 hits, 0 errors, 0 left on base; New York 5 - Philadelphia 4
Wednesday, June 22nd , 2022 - OOTP Baseball 23.4 Build 64